 Dungeon Crawl Stone Soup version 0.26-a0-639-g72c4674329 (webtiles) character file.

Game seed: 14225549871663994376

16 Colgate the Poker (level 2, 24/24 HPs)
             Began as a Merfolk Berserker on Sept 17, 2020.
             Was a Follower of Trog.
             Quit the game on level 1 of the Dungeon.
             The game lasted 00:04:44 (490 turns).

Colgate the Poker (Merfolk Berserker)                Turns: 490, Time: 00:04:45

Health: 24/24      AC:  3    Str: 17    XL:     2   Next: 54%
Magic:  2/2        EV: 12    Int:  6    God:    Trog [*.....]
Gold:   68         SH:  3    Dex: 13    Spells: 1/1 levels left

rFire    . . .     SeeInvis .   a - +0 spear
rCold    . . .     Faith    .   h - +0 buckler
rNeg     . . .     Spirit   .   b - +0 animal skin
rPois    .         Reflect  .   (no helmet)
rElec    .         Harm     .   (no cloak)
rCorr    .         Rampage  .   (no gloves)
MR       .....     Rnd*Tele +   f - +0 pair of boots
Stlth    +.........             (no amulet)
HPRegen  0.08/turn              o - ring of teleportation (curse)
MPRegen  0.08/turn              (no ring)

@: berserk cooldown, slowed, very slow
A: change form in water, swift swim, stealthy swim
a: Berserk, Renounce Religion


You were on level 1 of the Dungeon.
You worshipped Trog.
Trog was aware of your devotion.
You visited 1 branch of the dungeon, and saw 1 of its levels.

You collected 68 gold pieces.

Inventory:

Hand Weapons
 a - a +0 spear (weapon)
Missiles
 c - 47 stones (quivered)
 k - 22 sling bullets
 l - 23 arrows
Armour
 b - a +0 animal skin (worn)
 f - a +0 pair of boots (worn)
 h - a +0 buckler (worn)
Jewellery
 o - a cursed ring of teleportation (left hand)
Scrolls
 d - 2 scrolls of identify {unknown}
 e - a scroll of immolation {unknown}
 j - a scroll of enchant armour {unknown}
 m - a scroll of teleportation {unknown}
Potions
 g - a potion of flight {unknown}
 i - a potion of mutation {unknown}
 n - a potion of might {unknown}


   Skills:
 - Level 3.2 Fighting
 + Level 5.6 Polearms
 - Level 1.3 Armour
 - Level 2.6 Dodging


You had one spell level left.
You didn't know any spells.
Your spell library was empty.

Dungeon Overview and Level Annotations

Branches:
Dungeon (1/15)

Altars:


Message History

You kill the goblin!
Trog accepts your kill.
You barely miss the rat. You hit the rat.
You kill the rat!
Trog accepts your kill.
Things that are here:
a +0 club; a goblin corpse You feel a strong urge to attack something.
You are no longer berserk.
You are exhausted.
You feel yourself slow down.
c - 45 stones (gained 1)
There are no items here.
n - a bubbling silvery potion
c - 47 stones (gained 2)
o - a large iron ring You feel slightly jumpy.
Oops, that ring feels deathly cold.
o - a cursed ring of teleportation (left hand) Are you sure you want to abandon this character and quit the game? (Confirm with "yes".)

..............##
#...
................##
#...
.....)....>......#
..##
####..........#...#
#..........# #...
##........## #.
##........##
#..........#
#...@......#
#..........#
#.......$..#
#..........#
##........##
##......## ########


There were no monsters in sight!

Vanquished Creatures
  A dart slug (D:1)
  3 goblins (D:1)
  A hobgoblin (D:1)
  3 bats (D:1)
  A frilled lizard (D:1)
  2 kobolds (D:1)
  2 rats (D:1)
13 creatures vanquished.

Notes
Turn   | Place    | Note
-------+----------+-------------------------------------------
     0 | D:1      | Colgate the Merfolk Berserker began the quest for the Orb.
     0 | D:1      | Reached XP level 1. HP: 18/18 MP: 1/1
    92 | D:1      | Reached skill level 5 in Polearms
   274 | D:1      | Reached XP level 2. HP: 24/24 MP: 2/2
   490 | D:1      | Quit the game

Illustrated notes

Levels and vault maps discovered:
D:1:      co_arrival_random_square_maze, layout_rooms

Skill      XL: |  1 |
---------------+----+-----
Polearms       | 5 |  5.6
Fighting       | |  3.2
Armour         | |  1.3
Dodging        | |  2.6

Action                   || total
-------------------------++-------
Melee: Spear             ||    37
Throw: Stone             ||    10
Invok: Berserk           ||     4
Armor: Animal skin       ||    10
Dodge: Dodged            ||    28

Table legend: (Time is in decaauts)
 A = Elapsed time spent in this place.
 B = Non-inter-level travel time spent in this place.
 C = Inter-level travel time spent in this place.
 D = Time resting spent in this place.
 E = Time spent auto-exploring this place.
 F = Levels seen in this place.
 G = Mean time per level.
                   A        B        C        D        E       F      G
               +--------+--------+--------+--------+--------+-----+--------+
         Total |    518 |    505 |     13 |      0 |    371 |   1 |  518.0 |
       Dungeon |    518 |    505 |     13 |      0 |    371 |   1 |  518.0 |
               +--------+--------+--------+--------+--------+-----+--------+

Top non-repeatable levels by time:
     D:1: 518 daAuts
